Description

Winter has been having good results with this BC build.

VOD

https://www.youtube.com/watch?v=5d-1DCzd2LY

Replay - 2018-12-30 - (T)WinterSC VS (Z)Teegs

Build Order

Get SALT Encoding   

  12  0:01  SCV  
  13  0:13  SCV  
  14  0:18  Supply Depot  
  14  0:25  SCV  
  15  0:29  Refinery  
  15  0:40  SCV  
  16  0:46  Barracks  
  16  0:52  SCV  
  17  1:04  SCV  
  18  1:16  SCV  
  19  1:32  Orbital Command  
  19  1:33  Reaper  
  20  1:49  Command Center  
  20  1:58  SCV  
  21  2:04  Factory  
  21  2:09  Refinery  
  21  2:12  Barracks Reactor  
  22  2:15  SCV  
  22  2:21  Supply Depot  
  21  2:34  SCV  
  22  2:48  Marine x2  
  22  2:49  Hellion  
  25  2:59  Starport  
  25  3:11  Command Center  
  27  3:21  Hellion  
  31  3:37  Fusion Core  
  31  3:41  Supply Depot  
  31  3:43  Viking  
  31  4:03  Widow Mine  
  30  4:14  Starport Tech Lab  
  31  4:22  Hellion  
  33  4:24  Hellion  
  33  4:29  Orbital Command  
  36  4:40  Battlecruiser  
  43  4:48  Hellion  
  45  4:56  Orbital Command  
  47  5:03  Hellion  
  49  5:15  Hellion  
  49  5:16  Armory  
  49  5:17  Supply Depot  
  54  5:39  Hellion, Supply Depot  
  55  5:56  Hellion  
  55  6:01  Hellion  
  55  6:06  Battlecruiser  
  59  6:31  Terran Vehicle And Ship Armor Level 1  
  59  6:32  Refinery x2  
  65  6:44  Weapon Refit  
  70  7:03  Factory  
  70  7:06  Command Center  
  75  7:45  Battlecruiser  
  83  8:00  Factory Tech Lab  
  86  8:15  Factory  
  82  8:32  Orbital Command, Infernal Pre-Igniter  
  86  8:53  Battlecruiser  
  96  9:14  Orbital Command  
  97  9:18  Factory Tech Lab, Cyclone  
  102  9:49  Cyclone  
  102  9:50  Mag-Field Accelerator  
  102  9:52  Cyclone  
  109  9:54  Factory  
  109  9:56  Refinery  
  109  9:58  Refinery  
  117  10:31  Cyclone  
  77  10:49  Siege Tank  
  76  11:06  Widow Mine  
  76  11:10  Battlecruiser  
  78  11:21  Cyclone  
  83  11:27  Cyclone  
  83  11:32  Command Center  
  73  11:53  Siege Tank  
  84  12:43  Siege Tank  
  89  12:45  Medivac, Orbital Command  
  91  12:57  Factory Tech Lab  
  93  13:10  Armory  
Spawning Tool Build Advisor. Get it on Overwolf

Analysis

BC build but with enough econ to allow for a quick move into three base and tech up.

Go to:

Details

  • Created by: monstermadness
  • Published on: Jan 04, 2019
  • Modified on: Jan 04, 2019
  • Patch: 4.7.1
Show
View Real Time Build Order
Export as new Build Order

Comments (0)

There are no comments. Be the first!

Create an account to comment!